 Dungeon Crawl Stone Soup version 0.29-a0-541-gaf1fc19f1b (webtiles) character file.

Game seed: 15053324743590943109

1783 xian the Cudgeller (level 8, -1/60 HPs)
             Began as a Demonspawn Gladiator on June 3, 2022.
             Was a Follower of Uskayaw.
             Slain by a gnoll sergeant
             ... wielding a +1 spear of venom
              (4 damage)
             ... on level 6 of the Dungeon.
             The game lasted 00:18:32 (5366 turns).

xian the Cudgeller (Demonspawn Gladiator)           Turns: 5366, Time: 00:18:34

Health: -1/60      AC: 14    Str: 15    XL:     8   Next: 81%
Magic:  8/8        EV:  5    Int: 12    God:    Uskayaw [*.....]
Gold:   304        SH:  8    Dex: 14    Spells: 7/7 levels left

rFire   + . .      SeeInvis .   m - +2 mace (vorpal)
rCold   x . .      Faith    .   l - +0 buckler
rNeg    . . .      Spirit   .   b - +0 plate armour
rPois   .          Reflect  .   c - +0 helmet
rElec   .          Harm     .   (no cloak)
rCorr   .          Rampage  .   h - +0 pair of gloves
Will    .....                   (no boots)
Stlth   ..........              y - amulet of regeneration
HPRegen 1.00/turn               i - +4 ring of slaying
MPRegen 0.11/turn               o - ring of fire

@: lethally poisoned (-1 -> -11), about to teleport
A: claws 2, large bone plates 1, demonic guardian 2, ignite blood 1
a: Renounce Religion, Stomp


You were on level 6 of the Dungeon.
You worshipped Uskayaw.
Uskayaw was noncommittal.
You visited 2 branches of the dungeon, and saw 7 of its levels.

You collected 304 gold pieces.

Inventory:

Hand Weapons
 m - a +2 vorpal mace (weapon)
Missiles
 e - 7 javelins (quivered)
 w - a throwing net
Armour
 b - a +0 plate armour (worn)
 c - a +0 helmet (worn)
 h - a +0 pair of gloves (worn)
 l - a +0 buckler (worn)
 q - an orb of wrath
 x - a +2 leather armour of fire resistance
Jewellery
 i - a +4 ring of slaying (left hand)
 o - a ring of fire (right hand)
 y - an amulet of regeneration (around neck)
Wands
 d - a wand of polymorph (1)
 v - a wand of digging (4)
Scrolls
 f - 2 scrolls of fog {unknown}
 g - 2 scrolls of enchant weapon
 k - 3 scrolls of teleportation
 n - a scroll of brand weapon
 r - 2 scrolls of noise {unknown}
 u - a scroll of blinking
 B - a scroll of enchant armour {unknown}
 C - a scroll of torment {unknown}
 D - a scroll of magic mapping {unknown}
 E - a scroll of poison {unknown}
 F - a scroll of amnesia {unknown}
Potions
 a - a potion of lignification {unknown}
 j - a potion of heal wounds
 p - a potion of resistance
 s - 2 potions of curing {unknown}
 t - 2 potions of brilliance {unknown}
 z - a potion of cancellation {unknown}
 A - a potion of might {unknown}


   Skills:
 + Level 3.9 Fighting
 + Level 3.8 Long Blades
 + Level 6.5 Maces & Flails
 + Level 2.2 Throwing
 + Level 3.7 Armour
 + Level 4.3 Dodging
 + Level 2.7 Stealth
 + Level 2.5 Shields


You had 7 spell levels left.
You didn't know any spells.
Your spell library contained the following spells:

 Spells                   Type           Power      Damage    Failure   Level
 Beastly Appendage        Tmut           0%         N/A       100%        1
 Sandblast                Erth           0%         2d4       100%        1
 Passwall                 Tmut/Erth      0%         N/A       100%        2
 Wereblood                Tmut           0%         N/A       100%        2
 Call Canine Familiar     Summ           0%         N/A       100%        3
 Inner Flame              Hex/Fire       0%         N/A       100%        3
 Portal Projectile        Hex/Tloc       0%         N/A       100%        3
 Spider Form              Tmut/Pois      0%         N/A       100%        3
 Stone Arrow              Conj/Erth      0%         3d7       100%        3
 Cause Fear               Hex            0%         N/A       100%        4
 Leda's Liquefaction      Hex/Erth       0%         N/A       100%        4
 Discord                  Hex            0%         N/A       100%        8


Dungeon Overview and Level Annotations

Branches:
Dungeon (6/15)             Temple (1/1) D:5

Altars:
Dithmenos
Elyvilon
Hepliaklqana
Kikubaaqudgha
Okawaru
Ru
Uskayaw
Vehumet
Wu Jian
Zin
Lugonu


Innate Abilities, Weirdness & Mutations

You have very sharp fingernails.
You are partially covered in large bone plates. (SH +4)
A demonic guardian rushes to your aid.
Your demonic aura sometimes causes spilled blood to erupt in flames.


Message History

You feel very sick. The gnoll hits you but does no damage.
The gnoll sergeant hits you but does no damage.
You are more poisoned.
The gnoll barely misses you. The gnoll hits you but does no damage.
A water moccasin comes into view.
You sock the gnoll sergeant!
The gnoll sergeant is severely wounded.
You feel very sick. The gnoll hits you with a +0 halberd.
The gnoll sergeant hits you but does no damage.
You are more poisoned.
The gnoll hits you but does no damage. x2
You hit the gnoll sergeant but do no damage.
The gnoll sergeant is severely wounded.
You feel very sick.
The gnoll sergeant hits you but does no damage.
You are more poisoned.
The gnoll hits you with a +0 halberd. The gnoll hits you but does no damage.
The gnoll barely misses you. You block the gnoll's attack.
The gnoll hits you from afar with a +0 vampiric halberd.
The gnoll sergeant barely misses you. The gnoll hits you with a +0 halberd.
The gnoll sergeant blocks your attack.
The gnoll sergeant is severely wounded.
* * * LOW HITPOINT WARNING * * *
You feel extremely sick. The gnoll barely misses you.
The gnoll sergeant hits you but does no damage.
You are more poisoned.
You block the gnoll's attack. x2
* * * LOW HITPOINT WARNING * * *
You feel extremely sick. You block the gnoll's attack.
You block the gnoll sergeant's attack.
As you read the scroll of teleportation, it crumbles to dust.
You feel strangely unstable.
* * * LOW HITPOINT WARNING * * *
You feel very sick. You block the gnoll's attack.
The gnoll sergeant hits you from afar with a +1 spear of venom.
You die...

#....................≈.≈#
##..
#....>.........#####.≈.≈#
#.. #......).......#
#.≈.≈# #..
#..............# #...##
#.> #......†.............
#.#
#.............####.###
#.#
#.............##.....#
#.#
#.............#.......
#.#
#............@#.S.....
#.#
#..............gg._... #.
#.............#gg..... ..
#############.#S......
#.##.....# #.# ##.### #..
... ### ... ##


You could see a gnoll sergeant, 3 gnolls and an adder.

Vanquished Creatures
  Grinder (D:3)
  Eustachio (D:5)
  An ice beast (D:5)
  2 black bears
  A centaur (D:5)
  2 phantoms (D:4)
  A bullfrog (D:6)
  A necrophage (D:6)
  4 orc priests
  3 iguanas
  Ijyb (D:3)
  Jessica (D:2)
  Natasha (thrice) (D:2)
  3 orc wizards
  10 adders
  A shadow imp (D:5)
  2 white imps
  An ufetubus (D:6)
  2 worms
  A dart slug (D:1)
  12 orcs
  10 bats
  9 endoplasms
  4 giant cockroaches
  5 goblins
  11 hobgoblins
  4 jackals
  3 quokkas
  8 ball pythons
  2 frilled lizards
  3 kobolds (D:1)
  4 rats
117 creatures vanquished.

Vanquished Creatures (collateral kills)
  Sigmund (D:3)
  An orc priest (D:3)
  An orc wizard (D:5)
  An orc (D:5)
4 creatures vanquished.

Grand Total: 121 creatures vanquished

Notes
Turn   | Place    | Note
-------+----------+-------------------------------------------
     0 | D:1      | xian the Demonspawn Gladiator began the quest for the Orb.
     0 | D:1      | Reached XP level 1. HP: 16/16 MP: 1/1
   253 | D:1      | Gained mutation: A weak demonic guardian rushes to your
                  | aid. [demonic ancestry]
   253 | D:1      | Reached XP level 2. HP: 22/22 MP: 2/2
   513 | D:1      | Gained mutation: Your demonic aura sometimes causes spilled
                  | blood to erupt in flames. [demonic ancestry]
   513 | D:1      | Reached XP level 3. HP: 25/27 MP: 3/3
   864 | D:2      | Noticed Natasha
   874 | D:2      | Killed Natasha
   875 | D:2      | Gained mutation: A demonic guardian rushes to your aid.
                  | [demonic ancestry]
   875 | D:2      | Reached XP level 4. HP: 22/34 MP: 4/4
  1281 | D:2      | Reached skill level 1 in Maces & Flails
  1380 | D:2      | Noticed Jessica
  1381 | D:2      | Noticed Natasha
  1385 | D:2      | Killed Jessica
  1386 | D:2      | Killed Natasha
  1387 | D:2      | Gained mutation: You are partially covered in large bone
                  | plates. (SH +4) [demonic ancestry]
  1387 | D:2      | Reached XP level 5. HP: 36/39 MP: 5/5
  1421 | D:2      | Noticed Natasha
  1428 | D:2      | Killed Natasha
  1429 | D:2      | Reached skill level 2 in Maces & Flails
  1429 | D:2      | Reached skill level 1 in Armour
  2025 | D:3      | Noticed Ijyb
  2031 | D:3      | Killed Ijyb
  2067 | D:3      | Noticed Sigmund
  2089 | D:3      | Killed Sigmund
  2090 | D:3      | Reached skill level 3 in Maces & Flails
  2090 | D:3      | Gained mutation: You have sharp fingernails. [demonic
                  | ancestry]
  2090 | D:3      | Reached XP level 6. HP: 40/46 MP: 6/6
  2105 | D:3      | Noticed Grinder
  2112 | D:3      | Paralysed by Grinder for 2 turns
  2116 | D:3      | Killed Grinder
  2117 | D:3      | Reached skill level 4 in Maces & Flails
  2117 | D:3      | Reached skill level 1 in Shields
  2117 | D:3      | Gained mutation: You have very sharp fingernails. [demonic
                  | ancestry]
  2117 | D:3      | Reached XP level 7. HP: 52/52 MP: 7/7
  2498 | D:3      | Found a faded altar of an unknown god.
  3591 | D:4      | Reached skill level 1 in Stealth
  3978 | D:5      | Entered Level 5 of the Dungeon
  3991 | D:5      | Found a staircase to the Ecumenical Temple.
  4000 | Temple   | Entered the Ecumenical Temple
  4039 | Temple   | Became a worshipper of Uskayaw the Reveller
  4070 | D:5      | Reached * piety under Uskayaw
  4071 | D:5      | Reached skill level 5 in Maces & Flails
  4071 | D:5      | Reached XP level 8. HP: 58/58 MP: 8/8
  4320 | D:5      | Reached ** piety under Uskayaw
  4560 | D:5      | Noticed Eustachio
  4565 | D:5      | Killed Eustachio
  4711 | D:5      | Reached skill level 6 in Maces & Flails
  5118 | D:6      | Reached *** piety under Uskayaw
  5356 | D:6      | Found a hazy altar of Hepliaklqana.
  5366 | D:6      | HP: 3/60 [poisoned by a gnoll sergeant]
  5366 | D:6      | Slain by a gnoll sergeant

Illustrated notes

Levels and vault maps discovered:
D:1:      heliophobic_arrival_battle_scene, layout_basic
D:2:      layout_loops_corners, grunt_ministairs_13, uniq_natasha, uniq_jessica
D:3:      layout_basic, shapermc_ecumenical_altar_ellora, uniq_sigmund,
          uniq_ijyb, uniq_grinder
D:4:      layout_basic, abandoned_shop
D:5:      layout_loops_corners, minmay_temple_entry_proselytizer, uniq_eustachio
D:6:      layout_basic, old_standard_altar, serial_shops,
          nicolae_lakefront_shop, serial_rivers, chequers_serial_rivers_micro_d,
          chequers_serial_rivers_micro_a, chequers_serial_rivers_marsh,
          chequers_serial_rivers_micro_e, kennysheep_generic_room_12
Temple:   corrupted_temple

Skill      XL: |  1  2  3  4  5  6  7  8 |
---------------+-------------------------+-----
Dodging        | 3 4 |  4.3
Long Blades    | 3 |  3.8
Maces & Flails | 1 3 4 5 6 |  6.5
Armour         | 2 3 |  3.7
Fighting       | 3 |  3.9
Throwing       | 2 |  2.2
Shields        | 1 2 |  2.5
Stealth        | 1 2 |  2.7

Action                   |  1- 3 |  4- 6 |  7- 9 || total
-------------------------+-------+-------+-------++-------
Melee: Long sword        |    70 |       |       ||    70
       Punch             |     1 |       |       ||     1
       Mace              |    13 |    55 |   156 ||   224
Throw: Throwing net      |       |     5 |       ||     5
       Javelin           |       |     2 |       ||     2
  Use: Scroll            |       |     4 |     3 ||     7
       Potion            |       |       |     1 ||     1
 Stab: Sleeping          |     1 |       |     3 ||     4
       Paralysed         |       |       |     1 ||     1
Armor: Leather armour    |    49 |    15 |    31 ||    95
       Skin              |       |     2 |       ||     2
       Plate armour      |       |       |    29 ||    29
Dodge: Dodged            |    57 |    28 |    82 ||   167
Block: Buckler           |     6 |    15 |    68 ||    89

Table legend: (Time is in decaauts)
 A = Elapsed time spent in this place.
 B = Non-inter-level travel time spent in this place.
 C = Inter-level travel time spent in this place.
 D = Time resting spent in this place.
 E = Time spent auto-exploring this place.
 F = Levels seen in this place.
 G = Mean time per level.
                   A        B        C        D        E       F      G
               +--------+--------+--------+--------+--------+-----+--------+
         Total |   5443 |   5327 |    116 |      4 |   3527 |   7 |  777.6 |
       Dungeon |   5389 |   5273 |    116 |      4 |   3504 |   6 |  898.2 |
        Temple |     53 |     53 |      0 |      0 |     23 |   1 |   53.0 |
               +--------+--------+--------+--------+--------+-----+--------+

Top non-repeatable levels by time:
     D:2: 1110 daAuts
     D:3: 1052 daAuts
     D:4: 1000 daAuts
     D:1: 874 daAuts
     D:5: 843 daAuts
     D:6: 508 daAuts
  Temple: 53 daAuts
